 Dungeon Crawl Stone Soup version 0.32-a0-961-gd60f5e5fc7 (webtiles) character file.

Game seed: 1215636770236208565

140 drunkbafoobis the Shooter (level 5, -9/38 HPs)
             Began as a Coglin Hunter on Apr 17, 2024.
             Was a Follower of Beogh.
             Engulfed by a steam dragon's steam (12 damage)
             ... on level 4 of the Dungeon.
             The game lasted 00:02:41 (2450 turns).

drunkbafoobis the Shooter (Coglin Hunter)           Turns: 2450, Time: 00:02:41

Health: -9/38      AC:  3    Str: 12    XL:     5   Next: 23%
Magic:  5/5        EV: 11    Int:  8    God:    Beogh [*.....]
Gold:   149        SH:  0    Dex: 19    Spells: 4/4 levels left

rFire   . . .        a - +2 sling {Nolwazi}
rCold   . . .        d - +0 sling {Bernhard}
rNeg    . . .        c - +0 leather armour
rPois   .            (no helmet)
rElec   .            (no cloak)
rCorr   .            (no gloves)
SInv    .            (no boots)
Will    .....        (amulet unavailable)
Stlth   ++           (ring unavailable)
HPRegen 0.26/turn    (ring unavailable)
MPRegen 0.09/turn    (no gizmo)

%: no passive effects
@: revved
A: off-hand wielding, slow wielding, warmup strikes, no jewellery
a: Invent Gizmo, Renounce Religion


You were on level 4 of the Dungeon.
You worshipped Beogh.
Beogh was aware of your devotion.
You visited 1 branch of the dungeon, and saw 4 of its levels.

You collected 149 gold pieces.


Innate Abilities, Weirdness & Mutations

You can wield a second weapon in your off-hand.
It takes a long time for you to wield or remove held weapons.
Your first few attacks do less damage.
You cannot equip rings or amulets.


   Skills:
 - Level 2.0 Fighting
 * Level 5.8 Ranged Weapons
 - Level 1.7 Dodging
 - Level 0.7 Stealth


You had 4 spell levels left.
You didn't know any spells.
Your spell library was empty.

Inventory:

Hand Weapons
 a - a +2 sling (weapon) {Nolwazi}
 d - a +0 sling (offhand) {Bernhard}
Missiles
 e - 3 boomerangs
 i - 29 stones
Armour
 c - a +0 leather armour (worn)
Magical Staves
 p - a staff of death {!a}
   (You found it on level 3 of the Dungeon)
Scrolls
 b - a scroll of butterflies
 f - 2 scrolls of immolation {unknown}
 h - a scroll of teleportation {unknown}
 j - a scroll of noise {unknown}
 k - a scroll of amnesia {unknown}
 m - 2 scrolls of identify {unknown}
 o - a scroll of enchant armour {unknown}
 q - a scroll of acquirement {unknown}
Potions
 g - 2 potions of curing {unknown}
 l - 2 potions of heal wounds {unknown}
 n - 2 potions of ambrosia {unknown}

Dungeon Overview and Level Annotations

Branches:
Dungeon (4/15) Zot: 21520
 Temple: D:4-7

Altars:
Cheibriados
Fedhas
The Shining One

#####..#####... ##..
#.# # # #####.# #.#.
#########......
....#####........^.....
...........######......
...#....### ##.####
##@..########..# #
...)..D..........#.## #
..####..>..........# #
..............##
...............#
.#............#######
......................
).)....................
...............


You could see a steam dragon.


Message History

There is an open door here.
Key pressed, stopping explore.
No target in view!
Key pressed, stopping explore.
No target in view!
Found a blossoming altar of Fedhas.
No target in view!
Key pressed, stopping explore.
No target in view!
Found a snail-covered altar of Cheibriados.
No target in view!
Key pressed, stopping explore.
No target in view!
You open the door.
There is an open door here.
Key pressed, stopping explore.
No target in view!
Key pressed, stopping explore.
No target in view!
Key pressed, stopping explore.
Found an escape hatch in the floor.
No target in view!
A kobold comes into view.
It is wielding a +0 club and quivering poisoned darts.
You shoot a sling bullet. The sling bullet hits the kobold.
The kobold shouts!
You shoot a sling bullet. The sling bullet hits the kobold.
You kill the kobold!
Beogh accepts your kill.
You hear a shout!
A goblin comes into view. It is wielding a +0 sling. x2
There are monsters nearby!
You shoot a sling bullet. The goblin shouts!
The sling bullet hits the goblin.
You shoot a sling bullet. The sling bullet hits the goblin!
You kill the goblin!
Beogh accepts your kill.
The goblin shoots a sling bullet.
The sling bullet hits you.
A goblin is nearby!
You shoot a sling bullet.
The sling bullet closely misses the goblin.
You shoot a sling bullet. The sling bullet hits the goblin!
You kill the goblin!
Beogh accepts your kill.
An endoplasm comes into view.
An endoplasm is nearby!
You shoot a sling bullet. The sling bullet hits the endoplasm!
You kill the endoplasm!
Beogh accepts your kill.
You shoot a sling bullet. 😕 HP[-4]
You take 4 damage, and now have 34/38 hp.
Key pressed, stopping explore.
No target in view!
A steam dragon comes into view. 😕 HP[+3]
You regained 3 hp, and now have 37/38 hp.
You shoot a sling bullet. The steam dragon hisses angrily.
The sling bullet hits the steam dragon but does no damage.
You shoot a sling bullet.
The sling bullet hits the steam dragon but does no damage.
The steam dragon breathes steam at you. The ball of steam misses you.
You hear a shout! 😎 HP[+1]
Your hp is fully restored (38).
You're standing in a cloud of steam!
You shoot a sling bullet.
The sling bullet hits the steam dragon but does no damage.
You shoot a sling bullet.
The sling bullet barely misses the steam dragon.
You are engulfed in a cloud of scalding steam.
You're standing in a cloud of steam! 😕 HP[-3]
You take 3 damage, and now have 35/38 hp.
You shoot a sling bullet.
The sling bullet hits the steam dragon but does no damage.
You shoot a sling bullet. The sling bullet hits the steam dragon.
You are engulfed in a cloud of scalding steam.
The steam dragon bites you.
The steam dragon claws you but does no damage.
You're standing in a cloud of steam! 😮 HP[-15]
You take 15 damage, and now have 20/38 hp.
MASSIVE DAMAGE!! (PAUSE)
You shoot a sling bullet.
The sling bullet barely misses the steam dragon.
You shoot a sling bullet. The sling bullet hits the steam dragon.
You are engulfed in a cloud of scalding steam.
* * * LOW HITPOINT WARNING * * *
The steam dragon bites you.
* * * LOW HITPOINT WARNING * * *
The steam dragon closely misses you. x2; The steam dragon claws you.
* * * LOW HITPOINT WARNING * * *
You shoot a sling bullet.
The sling bullet barely misses the steam dragon.
You shoot a sling bullet. The sling bullet hits the steam dragon.
You are engulfed in a cloud of scalding steam.
You die...

Skill      XL: |  1  2  3 |
---------------+----------+-----
Ranged Weapons | 4 5 |  5.8
Fighting       | |  2.0
Dodging        | |  1.7
Stealth        | |  0.7

Action                     |  1- 3 |  4- 6 || total
---------------------------+-------+-------++-------
  Melee: Sling             |     4 |       ||     4
   Fire: Sling             |   156 |   148 ||   304
 Invoke: Convert to Beogh  |     1 |       ||     1
 Armour: Leather armour    |    23 |    21 ||    44
  Dodge: Dodged            |    17 |    13 ||    30

Levels and vault maps discovered:
D:1:      sevenhm_arrival_forest_fort_large_4, layout_rooms
D:2:      layout_basic, basic_altar, nicolae_underground_beach
D:3:      layout_loops_cross, shapermc_ecumenical_altar_mp_ritualfount
D:4:      minmay_goblin_kobold_castle, layout_rooms, mainiacjoe_overflow_swirl,
          minmay_temple_entry_sparse_star, serial_shops,
          nicolae_shop_just_a_little_nook, minmay_bent

Notes
Turn   | Place    | Note
-------+----------+-------------------------------------------
     0 | D:1      | drunkbafoobis the Coglin Hunter began the quest for the
                  | Orb.
     0 | D:1      | Reached XP level 1. HP: 16/16 MP: 1/1
     0 | D:1      | magus.rc [v1.11.7]
   241 | D:1      | Reached skill level 4 in Ranged Weapons
   241 | D:1      | Reached XP level 2. HP: 22/22 MP: 2/2
  1141 | D:2      | Reached XP level 3. HP: 27/27 MP: 3/3
  1186 | D:2      | Found a glowing golden altar of the Shining One.
  1540 | D:3      | HP: 4/27 [orc/+0 club (5)]
  1541 | D:3      | Became a worshipper of Beogh the Shepherd
  1657 | D:3      | Reached skill level 5 in Ranged Weapons
  1657 | D:3      | Reached XP level 4. HP: 23/33 MP: 4/4
  1828 | D:3      | Reached XP level 5. HP: 38/38 MP: 5/5
  2279 | D:3      | Found a faded altar of an unknown god.
  2347 | D:4      | Found a blossoming altar of Fedhas.
  2356 | D:4      | Found a snail-covered altar of Cheibriados.
  2428 | D:4      | Reached * piety under Beogh
  2445 | D:4      | Noticed a steam dragon
  2449 | D:4      | HP: 8/38 [steam dragon (5)]
  2449 | D:4      | HP: 3/38 [steam dragon (5)]
  2450 | D:4      | Engulfed by a steam dragon's steam

Vanquished Creatures
  An orc wizard (D:3)
  5 adders (D:3)
  A dart slug (D:2)
  4 ribbon worms
  6 orcs (D:3)
  4 bats
  4 endoplasms
  2 giant cockroaches (D:3)
  5 goblins
  2 hobgoblins
  2 jackals (D:2)
  4 quokkas
  3 ball pythons
  A frilled lizard (D:2)
  5 kobolds
  4 rats
53 creatures vanquished.

Table legend:
 A = Non-vault XP
 B = Vault XP
 C = Vault XP percentage of total XP
 D = Non-vault monster count
 E = Vault monster count
 F = Vault count percentage of total count
                 A         B        C        D         E       F
            +---------+---------+-------+---------+---------+-------
      Total |     197 |       4 |   2.0 |      51 |       2 |   3.8
            +---------+---------+-------+---------+---------+-------
        D:1 |      13 |       0 |   0.0 |       7 |       0 |   0.0
        D:2 |      30 |       0 |   0.0 |      13 |       0 |   0.0
        D:3 |     151 |       0 |   0.0 |      29 |       0 |   0.0
        D:4 |       3 |       4 |  57.1 |       2 |       2 |  50.0
            +---------+---------+-------+---------+---------+-------

Skill      XL: |  1  2  3 |
---------------+----------+-----
Ranged Weapons | 4 5 |  5.8
Fighting       | |  2.0
Dodging        | |  1.7
Stealth        | |  0.7

Action                     |  1- 3 |  4- 6 || total
---------------------------+-------+-------++-------
  Melee: Sling             |     4 |       ||     4
   Fire: Sling             |   156 |   148 ||   304
 Invoke: Convert to Beogh  |     1 |       ||     1
 Armour: Leather armour    |    23 |    21 ||    44
  Dodge: Dodged            |    17 |    13 ||    30

Illustrated notes

Table legend:
 A = Kills in this place as a percentage of kills in the entire game.
 B = Kills by you in this place as a percentage of kills by you in the entire game.
 C = Kills by friends in this place as a percentage of kills by friends in the entire game.
 D = Other kills in this place as a percentage of other kills in the entire game.
 E = Experience gained in this place as a percentage of experience gained in the entire game.
 F = Experience gained in this place divided by the number of levels of this place that you have seen.
                   A       B       C       D       E      F
               +-------+-------+-------+-------+-------+----------------------
         Total | 100.0 | 100.0 |   N/A |   N/A | 100.0 |  50.2
       Dungeon | 100.0 | 100.0 |   N/A |   N/A | 100.0 |  50.2
               +-------+-------+-------+-------+-------+----------------------

Table legend: (Time is in decaauts)
 A = Elapsed time spent in this place.
 B = Non-inter-level travel time spent in this place.
 C = Inter-level travel time spent in this place.
 D = Time resting spent in this place.
 E = Time spent auto-exploring this place.
 F = Levels seen in this place.
 G = Mean time per level.
                   A        B        C        D        E       F      G
               +--------+--------+--------+--------+--------+-----+--------+
         Total |   2479 |   2405 |     74 |      0 |   2138 |   4 |  619.8 |
       Dungeon |   2479 |   2405 |     74 |      0 |   2138 |   4 |  619.8 |
               +--------+--------+--------+--------+--------+-----+--------+

Top non-repeatable levels by time:
     D:2: 940 daAuts
     D:3: 860 daAuts
     D:1: 550 daAuts
     D:4: 128 daAuts
